Map: Kairos Junction LE

Players

Nerchio

  • Race: Zerg Zerg
  • Spawn Location: 5:00

Namshar - Winner!

  • Race: Zerg Zerg
  • Spawn Location: 11:00

Event: 2019 WCS Spring

VOD

Have the link to the VOD?

Description

Time

  • Played on: May 17, 2019, 3:29 p.m.
  • Length: 8:09

All games in this series

Show
View Real Time Build Order
Export as new Build Order

Nerchio Zerg 

Build Orders: Hatch First 

Get SALT Encoding   

  12  0:00  Drone  
  13  0:12  Overlord  
  13  0:17  Drone  
  14  0:30  Drone x2  
  16  0:48  Hatchery  
  15  0:52  Drone  
  15  0:54  Drone  
  17  0:58  Drone  
  17  1:00  Extractor  
  17  1:14  Spawning Pool  
  17  1:18  Drone  
  17  1:21  Drone  
  18  1:27  Drone  
  19  1:38  Drone  
  20  1:48  Overlord  
  20  2:00  Metabolic Boost  
  20  2:01  Queen  
  20  2:03  Queen  
  20  2:06  Zergling x2  
  25  2:09  Zergling x2  
  25  2:12  Drone  
  28  2:15  Drone  
  28  2:22  Drone x2  
  30  2:38  Hatchery  
  29  2:45  Drone  
  29  2:50  Zergling x6  
  33  2:55  Overlord  
  33  2:59  Zergling x2  
  33  3:03  Baneling Nest  
  33  3:07  Zergling x4  
  35  3:14  Drone  
  35  3:15  Drone x3  
  39  3:26  Zergling x8  
  43  3:32  Overlord  
  42  3:46  Drone x2  
  42  3:47  Drone  
  43  3:50  Overlord  
  43  3:51  Drone  
  43  3:52  Drone x3  
  43  3:53  Drone  
  43  3:54  Baneling  
  43  3:55  Baneling x2  
  48  3:56  Baneling  
  48  4:04  Queen  
  49  4:10  Queen  
  49  4:15  Drone  
  49  4:16  Drone  
  52  4:26  Roach Warren, Drone x2  
  52  4:27  Drone  
  52  4:29  Spine Crawler  
  53  4:32  Baneling  
  53  4:33  Drone x2  
  53  4:34  Zergling x2  
  53  4:37  Baneling x2  
  56  4:38  Zergling x2  
  56  4:52  Extractor, Roach Warren, Drone  
  52  4:53  Drone x4  
  52  4:54  Drone  
  52  4:55  Drone  
  52  4:59  Drone  
  59  5:00  Drone x2  
  59  5:05  Lair  
  59  5:10  Drone x3  
  59  5:12  Drone  
  63  5:15  Extractor  
  63  5:16  Evolution Chamber, Drone x2  
  63  5:17  Drone  
  63  5:20  Overlord, Extractor  
  64  5:23  Overlord  
  64  5:27  Extractor  
  63  5:29  Overlord  
  63  5:37  Drone x3  
  63  5:41  Drone x4  
  63  5:42  Drone x3  
  72  5:43  Zerg Missile Weapons Level 1  
  72  5:45  Drone  
  72  5:48  Extractor, Drone  
  73  5:50  Evolution Chamber  
  73  5:52  Drone x2  
  74  6:01  Glial Reconstitution  
  74  6:09  Drone  
  74  6:10  Drone x3  
  74  6:11  Overlord x2, Pneumatized Carapace  
  78  6:14  Zergling x2  
  78  6:15  Zergling x6  
  81  6:19  Roach  
  81  6:20  Baneling  
  81  6:21  Baneling x2  
  83  6:25  Hydralisk Den  
  81  6:34  Roach x5  
  81  6:36  Roach  
  93  6:43  Overseer  
  89  6:47  Hatchery  
  89  6:48  Roach  
  89  6:49  Roach  
  89  6:51  Overlord  
  89  6:52  Overlord  
  92  6:55  Drone x2  
  92  7:00  Overlord x2  
  94  7:04  Roach x2  
  94  7:05  Roach  
  94  7:07  Roach  
  104  7:08  Roach  
  104  7:11  Roach  
  104  7:14  Roach x3, Spine Crawler  
  104  7:15  Spine Crawler  
  110  7:18  Roach x2  
  110  7:20  Roach  
  110  7:22  Roach  
  118  7:25  Roach x2  
  118  7:29  Roach x2  
  118  7:32  Roach  
  118  7:33  Roach  
  118  7:34  Roach  
  114  7:38  Roach  
  114  7:39  Roach  
  114  7:41  Roach  
  94  7:45  Roach  
  94  7:46  Roach  
Show
View Real Time Build Order
Export as new Build Order

Namshar Zerg - Winner!

Build Orders: Hatch First 

Get SALT Encoding   

  12  0:00  Drone  
  13  0:12  Overlord  
  13  0:16  Drone  
  14  0:30  Drone x2  
  16  0:47  Hatchery  
  15  0:51  Drone  
  15  0:54  Drone  
  17  1:08  Spawning Pool  
  16  1:11  Extractor  
  16  1:14  Drone  
  16  1:17  Drone  
  17  1:20  Drone  
  18  1:28  Drone  
  19  1:39  Drone  
  20  1:49  Drone  
  21  1:59  Queen x2  
  21  2:00  Drone  
  26  2:01  Overlord  
  26  2:10  Metabolic Boost  
  26  2:12  Drone  
  26  2:13  Drone  
  28  2:21  Drone  
  29  2:23  Zergling x2  
  30  2:32  Zergling x4  
  32  2:38  Hatchery  
  32  2:43  Drone  
  32  2:46  Overlord  
  32  2:49  Baneling Nest  
  31  2:59  Drone  
  31  3:03  Drone  
  31  3:05  Drone  
  34  3:09  Drone x3  
  34  3:12  Drone x2  
  39  3:13  Zergling x2  
  39  3:15  Zergling x2  
  41  3:20  Zergling x2  
  41  3:24  Zergling x2  
  43  3:32  Zergling x2  
  43  3:41  Baneling  
  43  3:44  Zergling x2  
  43  3:46  Zergling x2  
  43  3:47  Zergling x2  
  44  3:51  Zergling x10  
  44  3:54  Baneling x2  
  49  3:59  Roach Warren  
  48  4:07  Drone x2  
  48  4:08  Overlord  
  48  4:09  Overlord x2  
  49  4:12  Baneling x2  
  49  4:23  Evolution Chamber  
  47  4:26  Queen  
  49  4:32  Drone x9  
  58  4:44  Drone x3  
  61  4:54  Drone x3  
  61  4:56  Lair, Zerg Missile Weapons Level 1  
  55  5:02  Drone x5  
  55  5:04  Extractor  
  55  5:05  Extractor  
  58  5:08  Extractor  
  58  5:09  Extractor, Zergling x8  
  58  5:10  Zergling x2  
  58  5:12  Queen  
  63  5:17  Roach Warren  
  63  5:20  Zergling x4  
  65  5:21  Drone x2  
  66  5:29  Overlord x2  
  66  5:37  Baneling x2  
  66  5:48  Drone x4  
  70  5:52  Overlord x2  
  70  5:53  Drone x2  
  70  5:54  Drone x2  
  70  5:56  Glial Reconstitution  
  74  5:59  Roach x2  
  74  6:00  Roach x2  
  80  6:07  Overlord x2  
  79  6:11  Roach x4  
  79  6:17  Overlord  
  86  6:18  Roach  
  86  6:19  Roach x3  
  86  6:23  Roach x2  
  96  6:33  Nydus Network  
  96  6:37  Overlord  
  96  6:39  Roach x6  
  107  6:46  Roach  
  107  6:47  Roach x3  
  112  6:48  Overseer  
  112  6:56  Roach  
  112  6:57  Roach x3  
  120  7:06  Roach x4  
  128  7:13  Nydus Canal  
  128  7:16  Overlord x3  
  128  7:17  Overlord x2  
  126  7:30  Nydus Canal  
  120  7:39  Roach x10  
  120  7:43  Roach  
  138  7:44  Roach  
  138  7:46  Nydus Canal  
Tags
 
Add a new tag
Caveats
  • Supply blocks, unpowered buildings, or Contaminate may cause inaccurate times.
  • Supply counts are checked every 10 seconds.